 Dungeon Crawl Stone Soup version 0.28-a0-1506-g3893175d92 (webtiles) character file.

Game seed: 18278733463062471166

2541 SensoryNuts the Shield-Bearer (level 9, -8/68 HPs)
             Began as a Demonspawn Fighter on Jan 13, 2022.
             Killed from afar by Harold (9 damage)
             ... with a harpoon shot
             ... on level 7 of the Dungeon.
             The game lasted 00:12:22 (8740 turns).

SensoryNuts the Shield-Bearer (Demonspawn Fighter)  Turns: 8740, Time: 00:12:23

Health: -8/68      AC: 17    Str: 20    XL:     9   Next: 30%
Magic:  9/9        EV: 12    Int: 10    God:
Gold:   392        SH: 17    Dex: 25    Spells: 8/8 levels left

rFire   . . .      SeeInvis .   a - +0 long sword
rCold   . . .      Faith    .   c - +1 buckler
rNeg    . . .      Spirit   .   b - +0 scale mail
rPois   .          Reflect  +   (helmet restricted)
rElec   .          Harm     .   (no cloak)
rCorr   .          Rampage  .   e - +2 pair of gloves
Will    .....                   (no boots)
Stlth   +.........              h - amulet of reflection
HPRegen 0.21/turn               f - +6 ring of dexterity
MPRegen 0.11/turn               l - +6 ring of dexterity

@: about to teleport
A: antennae 1, icy blue scales 2, icemail 1, condensation shield, mutation
resistance 1
a: no special abilities


You were on level 7 of the Dungeon.
You visited 2 branches of the dungeon, and saw 8 of its levels.
You also visited: Sewer.

You collected 392 gold pieces.

Inventory:

Hand Weapons
 a - a +0 long sword (weapon)
Armour
 b - a +0 scale mail (worn)
 c - a +1 buckler (worn)
 e - a +2 pair of gloves (worn)
 m - the +2 robe of Weuz {Will+}
   (You found it on level 4 of the Dungeon)

   Will:      It increases your willpower.
Jewellery
 f - a +6 ring of dexterity (left hand)
 h - an amulet of reflection (around neck)
 k - a ring of ice
 l - a +6 ring of dexterity (right hand)
Wands
 r - a wand of digging (6)
Scrolls
 g - a scroll of torment
 n - 2 scrolls of immolation
 p - a scroll of amnesia
Potions
 d - a potion of curing
 i - a potion of invisibility {unknown}
 q - a potion of magic {unknown}


   Skills:
 + Level 5.3 Fighting
 + Level 6.7 Long Blades
 + Level 5.2 Armour
 + Level 3.3 Dodging
 + Level 1.0 Stealth
 + Level 6.8 Shields


You had 8 spell levels left.
You didn't know any spells.
Your spell library contained the following spells:

 Spells                   Type           Power      Damage    Failure   Level
 Summon Small Mammal      Summ           0%         N/A       78%         1
 Ensorcelled Hibernation  Hex/Ice        0%         N/A       89%         2
 Passwall                 Tmut/Erth      0%         N/A       89%         2
 Call Canine Familiar     Summ           0%         N/A       98%         3
 Gell's Gravitas          Tloc           0%         N/A       98%         3
 Summon Guardian Golem    Hex/Summ       0%         N/A       98%         3
 Swiftness                Air            0%         N/A       98%         3
 Teleport Other           Tloc           0%         N/A       98%         3
 Tukima's Dance           Hex            0%         N/A       98%         3
 Passage of Golubria      Tloc           0%         N/A       100%        4
 Yara's Violent Unravell  Hex/Tmut       0%         3d3       100%        5
 Dispersal                Tloc           0%         N/A       100%        6
 Chain Lightning          Conj/Air       0%         N/A       100%        9
 Fire Storm               Conj/Fire      0%         5d1       100%        9
 Shatter                  Erth           0%         3d5*      100%        9


Dungeon Overview and Level Annotations

Branches:
Dungeon (7/15)             Temple (1/1) D:4           Sewer (visited)

Altars:
Ashenzari
Cheibriados
Dithmenos
Elyvilon
Fedhas
Hepliaklqana
Kikubaaqudgha
Nemelex Xobeh
Okawaru
Qazlal
Ru
Sif Muna
Trog
Uskayaw
Vehumet
Xom
Zin
The Shining One

Shops:
D:5 !?[[

Annotations:
D:4 2 transporters, croobank's ghost, amateur DrTm
D:7 Harold


Innate Abilities, Weirdness & Mutations

You have a pair of small antennae on your head.
You are mostly covered in icy blue scales. (AC +3)
A meltable icy envelope protects you from harm. (AC +4)
A meltable shield of frost defends you. (SH +4)
You are somewhat resistant to further mutation.


Message History

Your gnoll shaman's corpse dissolves into shadows!
The bolt of acid hits your gnoll!! The acid corrodes your gnoll!
Your gnoll dies!
Your gnoll's corpse dissolves into shadows!
The bolt of acid misses you.
Your ogre barely misses Harold.
Your ogre hits Harold with a +0 giant club!!
Harold hits your gnoll with a +0 halberd!
Your gnoll hits Harold with a +0 whip.
Harold throws a throwing net.
The throwing net hits your gnoll.
Your gnoll is caught in the net!
Your ogre hits Harold with a +0 giant club.
Your gnoll struggles against the net.
Harold hits your ogre with a +0 halberd!!
You are no longer corroded.
Your ogre closely misses Harold.
Your gnoll struggles against the net.
Harold hits your ogre with a +0 halberd!!
Your ogre dies!
Your ogre's corpse dissolves into shadows!
Harold shouts!
Your gnoll struggles against the net.
Harold hits your gnoll with a +0 halberd!
Your gnoll dies!
Your gnoll's corpse dissolves into shadows!
Harold zaps a wand.
The bolt of acid hits your gnoll!
Your gnoll dies!
Your gnoll's corpse dissolves into shadows!
The bolt of acid misses you.
Harold zaps a wand.
The bolt of acid hits your gnoll!!! The acid corrodes your gnoll!
Your gnoll dies!
Your gnoll's corpse dissolves into shadows!
The bolt of acid hits you!
* * * LOW HITPOINT WARNING * * *
As you read the scroll of teleportation, it crumbles to dust.
You feel strangely unstable. Harold fires a harpoon shot at you.
The harpoon shot hits you!
You die...

.#.#
###..........
.#.#
#.........###
.#.#
#.###.###.#
.#.# # #.# .#
.#.# #.# # .#
#.# .# #.# .#
#.####### ##
#......@#
######.## #.#
#@# #.....#
#.#####


You could see Harold.

Vanquished Creatures
  Pikel (D:7)
  Menkaure (D:7)
  An ice beast (D:7)
  2 ogres
  3 necrophages
  2 centaurs
  A phantom (D:6)
  4 bullfrogs
  2 scorpions
  A wyvern zombie (D:5)
  A water moccasin zombie (D:6)
  A hound (D:6)
  2 jellies
  A bullfrog skeleton (D:6)
  2 centaur zombies
  Jessica (D:2)
  6 orc wizards
  A howler monkey zombie (D:6)
  Robin (D:3)
  13 adders
  A howler monkey skeleton (D:7)
  4 river rats (Sewer)
  A white imp (D:6)
  2 ufetubi
  2 adder skeletons
  A worm (D:2)
  4 dart slugs
  34 orcs
  6 bats
  5 endoplasms
  3 giant cockroaches
  5 hobgoblins
  2 quokkas
  9 ball pythons
  9 frilled lizards
  16 goblins
  5 kobolds
  25 rats
181 creatures vanquished.

Vanquished Creatures (others)
  An orc wizard (D:7)
1 creature vanquished.

Grand Total: 182 creatures vanquished

Notes
Turn   | Place    | Note
-------+----------+-------------------------------------------
     0 | D:1      | SensoryNuts the Demonspawn Fighter began the quest for the
                  | Orb.
     0 | D:1      | Reached XP level 1. HP: 18/18 MP: 1/1
   147 | D:1      | Found a faded altar of an unknown god.
   493 | D:1      | Gained mutation: You are partially covered in icy blue
                  | scales. (AC +2) [demonic ancestry]
   493 | D:1      | Reached XP level 2. HP: 24/24 MP: 2/2
   940 | D:2      | Reached XP level 3. HP: 12/29 MP: 3/3
  1253 | D:2      | Noticed Jessica
  1257 | D:2      | Killed Jessica
  1262 | D:2      | Gained mutation: A meltable shield of frost defends you.
                  | (SH +4) [demonic ancestry]
  1262 | D:2      | Reached XP level 4. HP: 35/35 MP: 4/4
  1361 | D:2      | Found a hide-covered altar of Uskayaw.
  2068 | D:3      | Noticed Robin
  2099 | D:3      | Killed Robin
  2138 | D:3      | Reached XP level 5. HP: 26/42 MP: 5/5
  2729 | D:4      | Found a radiant altar of Vehumet.
  2766 | D:4      | Found a staircase to the Ecumenical Temple.
  2784 | D:4      | Found a stormy altar of Qazlal.
  3089 | Temple   | Entered the Ecumenical Temple
  3209 | D:4      | Noticed croobank's ghost (amateur DrTm)
  3210 | D:4      | Found a transporter.
  3212 | D:4      | Found a transporter.
  3541 | D:4      | Identified the +2 robe of Weuz {Will+}
  3653 | D:5      | Entered Level 5 of the Dungeon
  3717 | D:5      | Noticed a centaur
  3726 | D:5      | Killed a centaur
  3784 | D:5      | Found Yjoschuw's Distillery.
  3802 | D:5      | Gained mutation: A meltable icy envelope protects you from
                  | harm. (AC +4) [demonic ancestry]
  3802 | D:5      | Reached XP level 6. HP: 34/48 MP: 6/6
  3950 | D:5      | Reached skill level 1 in Dodging
  4368 | D:5      | Found Bown's Armour Emporium.
  4413 | D:5      | Found Onlan's Magic Scroll Shop.
  4531 | D:5      | Found Votixu's Armour Shoppe.
  4573 | D:5      | Gained mutation: You are mostly covered in icy blue scales.
                  | (AC +3) [demonic ancestry]
  4573 | D:5      | Reached XP level 7. HP: 53/54 MP: 7/7
  5752 | D:6      | Reached skill level 1 in Stealth
  5818 | D:6      | Found a glowing drain.
  5849 | Sewer    | Entered a sewer
  6107 | Sewer    | Reached skill level 5 in Long Blades
  6658 | Sewer    | Gained mutation: You are frail. (-10% HP) [potion of
                  | mutation]
  6658 | Sewer    | Gained mutation: You are resistant to electric shocks.
                  | (rElec) [potion of mutation]
  6659 | Sewer    | Lost mutation: You are frail. (-10% HP) [potion of
                  | mutation]
  6659 | Sewer    | Lost mutation: You are resistant to electric shocks.
                  | (rElec) [potion of mutation]
  6659 | Sewer    | Gained mutation: You are somewhat resistant to further
                  | mutation. [potion of mutation]
  6763 | D:6      | Reached skill level 5 in Shields
  6763 | D:6      | Reached XP level 8. HP: 56/61 MP: 8/8
  7350 | D:7      | Noticed Pikel
  7414 | D:7      | HP: 2/61 [Pikel (2)]
  7727 | D:7      | Killed Pikel
  7728 | D:7      | Reached skill level 5 in Fighting
  8092 | D:7      | Reached skill level 5 in Armour
  8092 | D:7      | Gained mutation: You have a pair of small antennae on your
                  | head. [demonic ancestry]
  8092 | D:7      | Reached XP level 9. HP: 68/68 MP: 9/9
  8097 | D:7      | Noticed Menkaure
  8106 | D:7      | Killed Menkaure
  8719 | D:7      | Noticed Harold
  8739 | D:7      | HP: 1/68 [Harold/bolt of acid (17)]
  8740 | D:7      | Killed from afar by Harold

Illustrated notes

Levels and vault maps discovered:
D:1:      minmay_arrival_open_corners, layout_basic,
          hellmonk_ecumenical_altar_run_dry, hangedman_decor_clover_reticule
D:2:      layout_rooms, serial_glass, glass_columns_b, glass_columns_c,
          basic_altar, hangedman_abyss_or_decor_stabs, minmay_quadrilaterals,
          uniq_jessica
D:3:      layout_loops_cross, uniq_robin
D:4:      layout_cave_pods, amethyst_overflow_temple_binary,
          nicolae_qazlal_general_emergency, minmay_temple_entry_ruins,
          gammafunk_ghost_arena
D:5:      layout_basic, serial_shops, nicolae_take_the_stairs, shop,
          kennysheep_mini_moat, kennysheep_little_box, kennysheep_donut,
          grunt_decor_clamped, kennysheep_generic_room_9
D:6:      layout_cave_pools, cheibrodos_sewer_entry_drain
D:7:      layout_basic, uniq_pikel, uniq_menkaure, uniq_harold
Temple:   eino_wide_crystal_templ

Skill      XL: |  1  2  3  4  5  6  7  8 |
---------------+-------------------------+-----
Long Blades    | 2 3 4 5 6 |  6.7
Shields        | 3 4 5 6 |  6.8
Armour         | 3 4 5 |  5.2
Dodging        | 1 2 3 |  3.3
Fighting       | 4 5 |  5.3
Stealth        | 1 |  1.0

Action                   |  1- 3 |  4- 6 |  7- 9 || total
-------------------------+-------+-------+-------++-------
Melee: Long sword        |    93 |   224 |   476 ||   793
  Use: Scroll            |     1 |     4 |    14 ||    19
       Potion            |       |       |    12 ||    12
Armor: Scale mail        |    57 |   102 |   190 ||   349
       Skin              |       |       |     1 ||     1
Dodge: Dodged            |    55 |    81 |   244 ||   380
Block: Buckler           |    29 |   163 |   494 ||   686
       Reflection        |       |     1 |     5 ||     6

Table legend: (Time is in decaauts)
 A = Elapsed time spent in this place.
 B = Non-inter-level travel time spent in this place.
 C = Inter-level travel time spent in this place.
 D = Time resting spent in this place.
 E = Time spent auto-exploring this place.
 F = Levels seen in this place.
 G = Mean time per level.
                   A        B        C        D        E       F      G
               +--------+--------+--------+--------+--------+-----+--------+
         Total |   8966 |   8557 |    409 |    341 |   6378 |   9 |  996.2 |
       Dungeon |   7931 |   7522 |    409 |    341 |   5756 |   7 | 1133.0 |
        Temple |     72 |     72 |      0 |      0 |     40 |   1 |   72.0 |
         Sewer |    962 |    962 |      0 |      0 |    582 |   1 |  962.0 |
               +--------+--------+--------+--------+--------+-----+--------+

Top non-repeatable levels by time:
     D:5: 2101 daAuts
     D:7: 1184 daAuts
     D:6: 999 daAuts
   Sewer: 962 daAuts
     D:3: 940 daAuts
     D:2: 923 daAuts
     D:1: 903 daAuts
     D:4: 877 daAuts
  Temple: 72 daAuts
